 Dungeon Crawl Stone Soup version 0.24-a0-525-g9231cdc (webtiles) character file.

Game seed: 2833768742679014575

7529 relicbr the Impaler (level 10, -2/93 HPs)
             Began as a Minotaur Fighter on July 31, 2019.
             Was an Elder of Okawaru.
             Slain by an unseen horror (5 damage)
             ... on level 10 of the Dungeon.
             The game lasted 00:19:19 (8920 turns).

relicbr the Impaler (Minotaur Fighter)              Turns: 8920, Time: 00:19:20

Health: -2/93      AC: 10    Str: 22    XL:     10   Next: 96%
Magic:  7/9        EV: 12    Int:  9    God:    Okawaru [****..]
Gold:   464        SH:  0    Dex: 12    Spells: 9/9 levels left

rFire    + . .     SeeInvis .   w - +6 spear "Ixzapi Buff" {pierce, Fragile +Rage MR+ Int+4}
rCold    . . .     Gourm    +   (no shield)
rNeg     . . .     Faith    .   b - +0 scale mail
rPois    +         Spirit   .   (helmet restricted)
rElec    .         Reflect  .   d - +0 cloak
rCorr    .         Harm     .   (no gloves)
MR       +....                  (no boots)
Stlth    +.........             H - amulet of the gourmand
HPRegen  0.25/turn              m - ring of protection from fire
MPRegen  0.11/turn              s - ring of poison resistance

@: heroism
A: retaliatory headbutt, horns 2
a: Heroism, Renounce Religion, Evoke Berserk Rage


You were on level 10 of the Dungeon.
You worshipped Okawaru.
Okawaru was greatly pleased with you.
You were completely stuffed.

You visited 2 branches of the dungeon, and saw 11 of its levels.
You also visited: Sewer and Ossuary.

You collected 664 gold pieces.
You spent 200 gold pieces at shops.

Inventory:

Hand Weapons
 a - a +0 trident
 w - the +6 spear "Ixzapi Buff" (weapon) {pierce, Fragile +Rage MR+ Int+4}
   (You bought it in a shop on level 4 of the Dungeon)

   It inflicts extra damage upon your enemies.
   It affects your intelligence (+4).
   It affects your resistance to hostile enchantments.
   It lets you go berserk.
   It will be destroyed if unequipped.
Armour
 b - a +0 scale mail (worn)
 d - a +0 cloak (worn)
Jewellery
 k - an uncursed ring of stealth
 m - a ring of protection from fire (left hand)
 s - a ring of poison resistance (right hand)
 H - an amulet of the gourmand (around neck)
Wands
 i - a wand of enslavement (3)
 u - a wand of clouds (6)
 y - a wand of flame (32)
 E - a wand of paralysis (10)
 F - a wand of acid (5)
Scrolls
 g - 9 scrolls of teleportation
 j - 2 scrolls of magic mapping
 o - 2 scrolls of summoning
 p - 2 scrolls of immolation {unknown}
 q - 2 scrolls of enchant armour
 A - 2 scrolls of enchant weapon
 B - 3 scrolls of remove curse
 C - a scroll of torment {unknown}
 G - a scroll of identify
Potions
 c - 4 potions of flight
 h - 3 potions of curing
 l - a potion of brilliance {unknown}
 n - 3 potions of mutation
 r - 6 potions of haste
 t - 2 potions of invisibility
 v - a potion of might
 x - a potion of magic {unknown}
 z - a potion of berserk rage {unknown}
 D - a potion of cancellation {unknown}
 I - a potion of resistance {unknown}
Comestibles
 f - 18 rations
 J - 7 chunks of flesh


   Skills:
 - Level 10.3(15.3) Fighting
 - Level 16.1(21.1) Polearms
 * Level 5.9(10.9) Armour
   Level 3.6(8.6) Shields
 - Level 0.5 Evocations


You had 9 spell levels left.
You didn't know any spells.
Your spell library contained the following spells:

 Spells                   Type           Power        Failure   Level  Hunger
 Animate Skeleton         Necr           N/A          65%         1    ##.....
 Infusion                 Chrm           #...         65%         1    ##.....
 Pain                     Necr           #...         65%         1    ##.....
 Shroud of Golubria       Chrm/Tloc      #.....       78%         2    ###....
 Song of Slaying          Chrm           #.......     78%         2    ###....
 Regeneration             Chrm/Necr      #.........   95%         3    ####...
 Spectral Weapon          Hex/Chrm       #.......     95%         3    ####...
 Static Discharge         Conj/Air       #.......     95%         3    ####...
 Vampiric Draining        Necr           #.........   95%         3    ####...
 Animate Dead             Necr           N/A          100%        4    #####..
 Lightning Bolt           Conj/Air       #.........   100%        5    ######.
 Ignition                 Fire           #.........   100%        8    #######
 Shatter                  Erth           #.........   100%        9    #######
 Tornado                  Air            #.........   100%        9    #######


Dungeon Overview and Level Annotations

Branches:
Dungeon (10/15)            Temple (1/1) D:5             Orc (0/2) D:9
   Lair: D:8-11

Altars:
Ashenzari
Cheibriados
Dithmenos
Elyvilon
Fedhas
Gozag
Hepliaklqana
Kikubaaqudgha
Makhleb
Nemelex Xobeh
Okawaru
Qazlal
Ru
Sif Muna
Trog
Uskayaw
Vehumet
Wu Jian
Xom
Yredelemnul
Zin
The Shining One

Shops:
D:4 (


Innate Abilities, Weirdness & Mutations

You reflexively headbutt those who attack you in melee.
You have a pair of horns on your head.


Message History

Something hits you but does no damage.
Unknown command.
You hit the troll.
You kill the troll!
Okawaru accepts your kill. Something hits you.
* * * LOW HITPOINT WARNING * * *
You barely miss something. Something hits you.
* * * LOW HITPOINT WARNING * * *
Unknown command.
You feel better. Something completely misses you.
Aiming: Corrosive Bolt
Press: ? - help, Shift-Dir - straight line Something barely misses you.
Something hits you!
* * * LOW HITPOINT WARNING * * *
Aiming: Corrosive Bolt
Press: ? - help, Shift-Dir - straight line The bolt of acid hits something!
The acid corrodes something!
Something hits you.
You die...

.## .#
...#........#######[#
<..#..........#....(#
........##....#..#.##
.........%...##...(.#
...............).<(.#
................(...#
...............))(..###
.......@..............##
.......{....##..รท......#
.........!..###.........
......).....# #.......##
.............##.#.....#
..............#.#######
.........####...#
......##.. .... ......
#... ....#


There were no monsters in sight!

Vanquished Creatures
  A queen ant (D:8)
  A troll (D:10)
  A meliai zombie (D:10)
  2 hippogriffs
  8 yaks (D:9)
  A human (D:8)
  8 soldier ants (D:8)
  A water moccasin (D:9)
  A phantom (D:7)
  Duvessa (D:6)
  An ogre (D:10)
  3 orc warriors
  A centaur (D:9)
  3 big kobolds
  3 elf zombies
  6 bullfrogs
  Dowan (D:6)
  3 elf skeletons (D:4)
  3 scorpions
  5 howler monkeys
  4 crimson imps
  A bullfrog zombie (D:6)
  3 human zombies (Ossuary)
  6 orc priests
  A bullfrog skeleton (D:8)
  A centaur skeleton (D:4)
  4 hounds
  Crazy Yiuf (D:2)
  Jessica (D:2)
  An iguana (D:4)
  7 orc wizards
  26 worker ants
  3 mummies
  A worker ant zombie (D:10)
  5 adders
  4 river rats
  A shadow imp (D:10)
  2 adder zombies (Ossuary)
  12 worms
  3 dart slugs
  4 leopard geckos
  34 orcs
  2 giant cockroaches
  13 goblins
  12 hobgoblins
  7 jackals
  2 quokkas
  9 bats
  5 frilled lizards
  A goblin zombie (Ossuary)
  7 hobgoblin zombies (Ossuary)
  A jackal skeleton (D:7)
  2 jackal zombies (Ossuary)
  20 kobolds
  9 kobold zombies (Ossuary)
  2 orc skeletons (D:4)
  9 orc zombies (Ossuary)
  10 rats
  2 rat zombies (Ossuary)
292 creatures vanquished.

Vanquished Creatures (others)
  An orc warrior (D:9)
1 creature vanquished.

Grand Total: 293 creatures vanquished

Notes
Turn   | Place    | Note
-------+----------+-------------------------------------------
     0 | D:1      | relicbr the Minotaur Fighter began the quest for the Orb.
     0 | D:1      | Reached XP level 1. HP: 19/19 MP: 0/0
    61 | D:1      | Reached skill level 3 in Polearms
   238 | D:1      | Reached XP level 2. HP: 26/26 MP: 1/1
   430 | D:1      | Reached skill level 4 in Polearms
   799 | D:1      | Reached XP level 3. HP: 31/31 MP: 2/2
  1054 | D:2      | Found a radiant altar of Vehumet.
  1097 | D:2      | Found a bloodstained altar of Trog.
  1178 | D:2      | Noticed Jessica
  1182 | D:2      | Killed Jessica
  1182 | D:2      | Reached skill level 5 in Polearms
  1182 | D:2      | Reached XP level 4. HP: 35/39 MP: 3/3
  1480 | D:2      | Found a runed translucent door.
  1481 | D:2      | Noticed Crazy Yiuf
  1765 | D:2      | Killed Crazy Yiuf
  1765 | D:2      | Reached skill level 6 in Polearms
  1804 | D:3      | Found a hide-covered altar of Uskayaw.
  1852 | D:3      | Found a blossoming altar of Fedhas.
  1886 | D:3      | Reached XP level 5. HP: 45/45 MP: 4/4
  2026 | D:3      | Found an opulent altar of Gozag.
  2138 | D:3      | Found a deep blue altar of Sif Muna.
  2315 | D:3      | Found a glowing drain.
  2319 | Sewer    | Entered a sewer
  2324 | Sewer    | Reached skill level 7 in Polearms
  2495 | Sewer    | Reached XP level 6. HP: 50/51 MP: 5/5
  2541 | Sewer    | Found a glowing silver altar of Zin.
  2858 | D:3      | Reached skill level 8 in Polearms
  3296 | D:4      | Reached skill level 9 in Polearms
  3296 | D:4      | Reached XP level 7. HP: 28/57 MP: 6/6
  3319 | D:4      | Found a sand-covered staircase.
  3393 | Ossuary  | Entered an ossuary
  3606 | Ossuary  | Reached skill level 10 in Polearms
  4135 | D:4      | Reached skill level 11 in Polearms
  4238 | D:4      | Reached XP level 8. HP: 61/64 MP: 7/7
  4284 | D:4      | Found Coak's Antique Weapon Emporium.
  4292 | D:4      | Bought a brightly glowing spear for 200 gold pieces
  4292 | D:4      | Identified the +6 spear "Ixzapi Buff" {pierce, Fragile
                  | +Rage MR+ Int+4} (You bought it in a shop on level 4 of the
                  | Dungeon)
  4301 | D:4      | Found a shattered altar of Ashenzari.
  4504 | D:4      | Found a glowing silver altar of Zin.
  4504 | D:4      | Noticed an angel
  4574 | D:5      | Entered Level 5 of the Dungeon
  4590 | D:5      | Found a staircase to the Ecumenical Temple.
  4616 | Temple   | Entered the Ecumenical Temple
  4761 | Temple   | Became a worshipper of Warmaster Okawaru
  5043 | D:5      | Found a basalt altar of Yredelemnul.
  5119 | D:5      | Found a snail-covered altar of Cheibriados.
  5487 | D:6      | Noticed Duvessa
  5487 | D:6      | Noticed Dowan
  5497 | D:6      | Killed Duvessa
  5497 | D:6      | Reached skill level 12 in Polearms
  5503 | D:6      | Killed Dowan
  5970 | D:7      | Reached * piety under Okawaru
  5976 | D:7      | Reached skill level 13 in Polearms
  6150 | D:7      | Found a burning altar of Makhleb.
  6204 | D:7      | Noticed a hippogriff
  6209 | D:7      | Killed a hippogriff
  6209 | D:7      | Reached XP level 9. HP: 63/70 MP: 8/8
  6269 | D:7      | Reached skill level 14 in Polearms
  6296 | D:7      | Found a glowing golden altar of the Shining One.
  6695 | D:7      | Found a sacrificial altar of Ru.
  7281 | D:8      | Reached skill level 15 in Polearms
  7514 | D:8      | Noticed a queen ant
  7524 | D:8      | Reached ** piety under Okawaru
  7538 | D:8      | Killed a queen ant
  7538 | D:8      | Reached skill level 16 in Polearms
  7538 | D:8      | Reached XP level 10. HP: 77/77 MP: 7/9
  7572 | D:8      | Reached skill level 5 in Fighting
  7578 | D:8      | Reached *** piety under Okawaru
  7596 | D:8      | HP: 4/83 [soldier ant (6)]
  7601 | D:8      | HP: 2/83 [worker ant (2)]
  8078 | D:9      | Found a shimmering altar of Xom.
  8228 | D:9      | Reached **** piety under Okawaru
  8527 | D:9      | Found a staircase to the Orcish Mines.
  8677 | D:9      | Reached skill level 10 in Fighting
  8787 | D:10     | Entered Level 10 of the Dungeon
  8831 | D:10     | Reached skill level 5 in Armour
  8917 | D:10     | HP: 1/93 [something (6)]
  8920 | D:10     | Slain by an unseen horror

Levels and vault maps discovered:
D:1:      psy_arrival_terrarium, layout_basic, grunt_decor_one_mirror,
          chequers_serial_rivers_small_3, chequers_serial_rivers_micro_c,
          minmay_ruptured
D:2:      layout_basic, grunt_temple_overflow_open, uniq_crazy_yiuf_cottage,
          uniq_jessica
D:3:      cheibrodos_greedy_goblins, layout_loops_corners, fedhas_altar_3,
          lemuel_coloured_pillars_altar, eat_drink_and_be_merry_uskayaw,
          led_sif_pool, gup_sewer_entry_spiral
D:4:      layout_rooms, zin_angel, ashenzari_altar_1, first_ration,
          nicolae_ossuary_entry_catacombs, serial_shops, shop,
          minmay_fractal_squares_diagonal_5
D:5:      layout_loops_ring, slow_altar_1, temple_pool_b,
          yredelemnul_altar_generic
D:6:      layout_cave_pools, minmay_misc_feat_rugged, uniq_duvessa
D:7:      layout_loops_ring, kennysheep_mini, tso_altar, basic_altar
D:8:      layout_loops_ring, grunt_pizzeria, zaba_antful_of_joy
D:9:      layout_roguey, overflow_temple_1_default, erik_orc_4
D:10:     layout_cave_pools, lair_entry_dummy, small_statue_alley_a
Temple:   dpeg_chambers_temple

Skill      XL: |  1  2  3  4  5  6  7  8  9 10 |
---------------+-------------------------------+-----
Polearms       | 3 4 5 6 7 9 11 13 16 | 16.1
Fighting       | 10 | 10.3
Armour         | 5 |  5.9
Shields        | |  3.6
Evocations     | |  0.5

Action                   |  1- 3 |  4- 6 |  7- 9 | 10-12 || total
-------------------------+-------+-------+-------+-------++-------
Melee: Trident           |    85 |   200 |   192 |       ||   477
       Headbutt          |     4 |    31 |    66 |    44 ||   145
       Spear             |       |       |   227 |   250 ||   477
Invok: Heroism           |       |       |     1 |     2 ||     3
 Abil: Evoke Berserk Rag |       |       |     3 |       ||     3
Evoke: Wand              |       |       |       |     6 ||     6
  Use: Scroll            |     3 |     9 |     7 |     1 ||    20
       Potion            |       |     1 |       |     7 ||     8
 Stab: Confused          |       |       |       |     2 ||     2
  Eat: Chunk             |     1 |     7 |     9 |    17 ||    34
       Ration            |       |       |     2 |       ||     2
Armor: Scale mail        |    20 |    55 |    74 |    52 ||   201
Dodge: Dodged            |    24 |    56 |    71 |    57 ||   208

Table legend:
 A = Non-vault XP
 B = Vault XP
 C = Vault XP percentage of total XP
 D = Non-vault monster count
 E = Vault monster count
 F = Vault count percentage of total count
                 A         B        C        D         E       F
            +---------+---------+-------+---------+---------+-------
      Total |    6023 |    4734 |  44.0 |     158 |     134 |  45.9
            +---------+---------+-------+---------+---------+-------
        D:1 |      34 |       8 |  19.0 |      19 |       5 |  20.8
        D:2 |      42 |      76 |  64.4 |      17 |       2 |  10.5
        D:3 |      85 |      57 |  40.1 |      13 |      18 |  58.1
        D:4 |     273 |     359 |  56.8 |      12 |       8 |  40.0
        D:5 |     138 |      18 |  11.5 |      11 |       1 |   8.3
        D:6 |     182 |     211 |  53.7 |       5 |       2 |  28.6
        D:7 |    1612 |       0 |   0.0 |      35 |       0 |   0.0
        D:8 |     408 |    3070 |  88.3 |       9 |      32 |  78.0
        D:9 |    2247 |     375 |  14.3 |      23 |      15 |  39.5
       D:10 |    1002 |       0 |   0.0 |      14 |       0 |   0.0
      Sewer |       0 |     152 | 100.0 |       0 |      12 | 100.0
    Ossuary |       0 |     408 | 100.0 |       0 |      39 | 100.0
            +---------+---------+-------+---------+---------+-------
